 Dungeon Crawl Stone Soup version 0.18-a0-1745-gffa9a88 (webtiles) character file.

5365 FitzyFitz the Fighter (level 10, -7/103 HPs)
             Began as a Ghoul Monk on Apr 11, 2016.
             Was a Priest of Yredelemnul.
             Mangled by a hill giant
             ... wielding a +0 giant spiked club
              (25 damage)
             ... on level 10 of the Dungeon on Apr 12, 2016.
             The game lasted 02:49:29 (10490 turns).

FitzyFitz the Fighter (Ghoul Monk)                 Turns: 10490, Time: 02:49:30

Health: -7/103     AC:  8    Str: 19    XL:     10   Next: 65%
Magic:  9/12       EV: 12    Int:  5    God:    Yredelemnul [***...]
Gold:   416        SH:  0    Dex: 11    Spells: 3 memorised, 3 levels left

rFire  . . .     SeeInvis .       - Unarmed
rCold  + . .     Gourm    .     p - +2 animal skin
rNeg   + + +     Faith    .     (no shield)
rPois  ∞         Spirit   .     C - +0 helmet
rElec  .         Dismiss  .     (no cloak)
rCorr  .         Reflect  .     (no gloves)
SustAt .         Harm     .     t - +2 pair of boots
MR     .....                    (no amulet)
Stlth  +++.......               (no ring)
                                A - ring of stealth

@: very slightly contaminated, rotting, not resistant to hostile enchantments,
fairly stealthy
A: rotting body, claws 1, carnivore 3, cold resistance 1, negative energy
resistance 3, slow regeneration 1, torment resistance, unbreathing
a: Recall Undead Slaves, Injury Mirror, Animate Dead, Renounce Religion


You were on level 10 of the Dungeon.
You worshipped Yredelemnul.
Yredelemnul was most pleased with you.
You were not hungry.

You visited 2 branches of the dungeon, and saw 11 of its levels.

You collected 468 gold pieces.
You spent 52 gold pieces at shops.

Inventory:

Hand Weapons
 b - a +1 hunting sling of evasion
 s - a +0 hand axe of electrocution
 u - a +0 morningstar
 w - a +0 morningstar
 y - a +2 battleaxe of venom
 D - a +0 broad axe
Missiles
 i - 326 stones (quivered)
 o - 35 poisoned needles
 B - 7 tomahawks
 J - 26 sling bullets
Armour
 f - a +0 chain mail
 l - a +0 ring mail
 n - a +0 shield
 p - a +2 animal skin (worn)
 t - a +2 pair of boots (worn)
 C - a +0 helmet (worn)
Jewellery
 A - a ring of stealth (left claw)
Wands
 r - a wand of polymorph (7/24)
 F - a wand of iceblast (13/15)
 G - a wand of paralysis (4/24)
 I - a wand of flame (35/48)
Scrolls
 d - 4 scrolls of magic mapping
 e - 2 scrolls of teleportation
 j - a scroll of enchant armour
 m - a scroll of remove curse
 z - a scroll of amnesia
 E - 2 scrolls of identify
Potions
 c - 2 potions of cancellation
 g - a potion of curing
 h - 2 potions of resistance
Books
 x - a book of Necromancy

   Spells                             Type                      Level
   a - Pain                           Necromancy                   1
   b - Animate Skeleton               Necromancy                   1
   c - Vampiric Draining              Necromancy                   3
   d - Regeneration                   Charms/Necromancy            3
   e - Animate Dead                   Necromancy                   4
   f - Control Undead                 Necromancy                   4
Miscellaneous
 a - a plain deck of war
Comestibles
 k - 3 beef jerkies
 q - 9 slices of pizza
 v - 2 meat rations
 H - a chunk of flesh


   Skills:
 - Level 14.2 Fighting
 - Level 2.1 Axes
 - Level 2.6 Dodging
 - Level 2.1 Stealth
 - Level 5.8 Unarmed Combat
 + Level 0.7 Spellcasting
 + Level 2.3 Charms
 + Level 3.3 Necromancy
 - Level 4.8 Invocations


You had 3 spell levels left.
You knew the following spells:

 Your Spells              Type           Power        Failure   Level  Hunger
a - Pain                  Necr           #...         14%         1    ##.....
b - Regeneration          Chrm/Necr      #.........   47%         3    ####...
c - Vampiric Draining     Necr           #.........   38%         3    ####...


Dungeon Overview and Level Annotations

Branches:
Dungeon (10/15)            Temple (1/1) D:6
   Lair: D:8-11         Orc: D:9-12

Altars:
Ashenzari
Cheibriados
Dithmenos
Elyvilon
Fedhas
Gozag
Kikubaaqudgha
Makhleb
Nemelex Xobeh
Okawaru
Pakellas
Qazlal
Ru
Sif Muna
Trog
Vehumet
Xom
Yredelemnul
Zin
The Shining One

Shops:
D:6 (?((   D:7 [   D:9 =


Innate Abilities, Weirdness & Mutations

Your body is rotting away.
You thrive on raw meat.
You are immune to poison.
You have sharp fingernails.
You are carnivorous and can eat meat at any time.
Your flesh is cold resistant.
You are immune to negative energy.
You regenerate slowly when monsters are visible.
You are immune to unholy pain and torment.
You can survive without breathing.


Message History

The hill giant hits your wight with a giant spiked club!!
Your wight is destroyed!
The hill giant shouts!
You try to slip out of the net.
You shred the net and break free!
You see here a throwing net.
Read which item? (? for menu, Esc to quit)
Okay, then.
Unknown command.
Unknown command.
Cast which spell? (? or * to list)
Aiming: Vampiric Draining
Press: ? - help, Shift-Dir - straight line, f - hill giant
Aim: a hill giant, wielding a giant spiked club (severely wounded, lightly drained)
You miscast Vampiric Draining.
You are very lightly contaminated with residual magic.
You sense a malignant aura.
The hill giant hits you with a giant spiked club!!
You die...
Yredelemnul claims you as an undead slave.

.....#.........#
#...#....)....#
##............#
..............# .
#...........# ..#
#..........##
....##.........##
#........##C##
###.#..#..#@#
##.......#.#
#....#...#..#.#
####....)..)..#
###.#......#
#...#....#
###......#####
#...#......#
#...##.....#


You could see a hill giant.

Vanquished Creatures
  Pikel (D:7)
  2 two-headed ogres (D:9)
  Prince Ribbit (D:5)
  The ghost of Salasann the Carver, an amateur HEGl of Trog (D:5)
  A human (D:7)
  A hungry ghost (D:8)
  A slave (D:7)
  An ice beast (D:6)
  2 phantoms
  A sky beast (D:4)
  An orc warrior (D:8)
  A necrophage (D:7)
  5 ogres
  4 centaurs
  5 giant frogs
  A gnoll sergeant (D:8)
  2 scorpions
  9 killer bees
  5 wights (D:7)
  2 crimson imps
  2 jellies
  3 hounds
  5 orc wizards
  An orc priest (D:3)
  A centaur skeleton (D:7)
  3 iguanas
  3 worker ants
  A hound zombie (D:5)
  3 worker ant zombies
  Robin (D:4)
  5 gnolls (D:8)
  A howler monkey skeleton (D:6)
  13 adders
  2 shadow imps (D:7)
  An ooze (D:6)
  An adder skeleton (D:9)
  A worm (D:4)
  3 dart slugs
  2 giant geckos
  29 orcs
  A ball python (D:5)
  5 giant cockroaches
  11 goblins
  6 hobgoblins
  12 jackals
  A quokka (D:9)
  9 bats
  A giant gecko skeleton (D:5)
  9 giant newts
  A jackal skeleton (D:4)
  6 kobolds
  A quokka skeleton (D:4)
  8 rats
199 creatures vanquished.

Vanquished Creatures (collateral kills)
  A centaur skeleton (D:10)
  A hog (D:7)
  A hippogriff (D:9)
  2 ice beasts (D:8)
  A big kobold (D:7)
  2 killer bees (D:7)
  3 sheep (D:7)
  A kobold (D:7)
  A quokka skeleton (D:8)
13 creatures vanquished.

Vanquished Creatures (others)
  3 slaves (D:7)
  A hog zombie (D:7)
  A killer bee (D:7)
  A wight (D:10)
  A giant frog zombie (D:7)
  A killer bee zombie (D:7)
  A human zombie (D:7)
  A sheep zombie (D:7)
  A gnoll zombie (D:8)
  2 orc zombies (D:8)
13 creatures vanquished.

Grand Total: 225 creatures vanquished

Notes
Turn   | Place    | Note
--------------------------------------------------------------
     0 | D:1      | FitzyFitz the Ghoul Monk began the quest for the Orb.
     0 | D:1      | Reached XP level 1. HP: 19/19 MP: 0/0
   262 | D:1      | Reached XP level 2. HP: 7/26 MP: 1/1
   486 | D:1      | Reached skill level 5 in Unarmed Combat
   809 | D:1      | Reached XP level 3. HP: 26/29 MP: 2/2
  1958 | D:2      | Found a sparkling altar of Nemelex Xobeh.
  1989 | D:3      | Found a shimmering altar of Xom.
  2087 | D:3      | Reached XP level 4. HP: 33/38 MP: 3/3
  2229 | D:3      | Reached skill level 4 in Fighting
  2368 | D:3      | Reached XP level 5. HP: 36/47 MP: 4/4
  2411 | D:3      | Reached skill level 5 in Fighting
  3086 | D:4      | Noticed a phantom
  3146 | D:4      | Killed a phantom
  3146 | D:4      | Reached skill level 6 in Fighting
  3146 | D:4      | Reached XP level 6. HP: 49/58 MP: 5/5
  3361 | D:4      | Noticed Robin
  3398 | D:4      | Killed Robin
  3398 | D:4      | Reached skill level 7 in Fighting
  3747 | D:4      | Reached XP level 7. HP: 41/67 MP: 6/6
  3918 | D:5      | Entered Level 5 of the Dungeon
  3925 | D:5      | Reached skill level 8 in Fighting
  4176 | D:5      | Noticed Salasann's ghost (amateur HEGl)
  4178 | D:5      | Reached skill level 1 in Axes
  4841 | D:5      | Noticed Prince Ribbit
  4862 | D:5      | Killed Prince Ribbit
  4862 | D:5      | Reached skill level 9 in Fighting
  4862 | D:5      | Reached XP level 8. HP: 67/78 MP: 7/7
  5095 | D:4      | Reached skill level 10 in Fighting
  5916 | D:6      | Found Zeaq's Weapon Emporium.
  6146 | D:6      | Found a staircase to the Ecumenical Temple.
  6152 | Temple   | Entered the Ecumenical Temple
  6187 | Temple   | Became a worshipper of Yredelemnul the Dark
  6187 | Temple   | Reached * piety under Yredelemnul
  6187 | Temple   | Reached ** piety under Yredelemnul
  6250 | D:6      | Found Jitup's Weapon Shoppe.
  6267 | D:6      | Found Myuroif's Magic Scroll Shop.
  6297 | D:6      | Bought a scroll of teleportation for 39 gold pieces
  6297 | D:6      | Bought a scroll of random uselessness for 13 gold pieces
  6352 | D:6      | Reached skill level 11 in Fighting
  6353 | D:6      | Found Qyamnoemig's Antique Weapon Shop.
  6464 | D:7      | Reached XP level 9. HP: 89/89 MP: 8/8
  6826 | D:7      | Reached skill level 12 in Fighting
  6866 | D:7      | Learned a level 1 spell: Pain
  7284 | D:7      | Noticed Pikel
  7314 | D:7      | Killed Pikel
  7314 | D:7      | Reached skill level 13 in Fighting
  7403 | D:7      | Reached skill level 1 in Invocations
  7491 | D:7      | Found Cesmek's Armour Shoppe.
  7650 | D:8      | Reached XP level 10. HP: 83/101 MP: 11/11
  7725 | D:8      | Found a glowing golden altar of the Shining One.
  8803 | D:8      | Reached skill level 14 in Fighting
  8838 | D:8      | Reached *** piety under Yredelemnul
  9519 | D:4      | Learned a level 3 spell: Regeneration
  9535 | D:5      | Killed Salasann's ghost
  9535 | D:5      | Reached skill level 1 in Necromancy
  9617 | D:5      | Received a gift from Yredelemnul
  9786 | D:5      | Learned a level 3 spell: Vampiric Draining
 10026 | D:9      | Reached skill level 1 in Charms
 10231 | D:9      | Found a shattered altar of Ashenzari.
 10231 | D:9      | Found a shadowy altar of Dithmenos.
 10400 | D:9      | Found Jikag's Jewellery Emporium.
 10436 | D:10     | Entered Level 10 of the Dungeon
 10468 | D:10     | Noticed a hill giant
 10490 | D:10     | Mangled by a hill giant

Vault maps used:
D:1:      eino_arrival_cavern_e, minivault_14, kennysheep_small_spiral,
          minmay_misc_feat_rows
D:2:      nemelex_deck, hangedman_glass_teeth
D:3:      xom_teletrap_fun
D:4:      uniq_robin
D:5:      first_bread, uniq_prince_ribbit1
D:6:      minmay_temple_entry_fiery, serial_shops, nicolae_shop_waterfront,
          shop, shop_statue, nicolae_shop_stone
D:7:      serial_shops, shop, grunt_livestock, minmay_misc_feat_chi, uniq_pikel
D:8:      basic_altar
D:9:      gammafunk_temple_overflow_pools, serial_shops,
          nicolae_shop_behind_doors, serial_bayou_pond_a
D:10:     hangedman_abyss_or_decor_stabs, uniq_nergalle, uniq_erica,
          uniq_psyche, uniq_harold
Temple:   lightli_temple_of_artemis

Skill      XL: |  1  2  3  4  5  6  7  8  9 10 |
---------------+-------------------------------+-----
Unarmed Combat | 5 |  5.8
Fighting       | 4 6 7 9 11 13 14 | 14.2
Axes           | 2 |  2.1
Invocations    | 3 4 |  4.8
Necromancy     | 3 |  3.3
Charms         | 2 |  2.3
Dodging        | |  2.6
Stealth        | |  2.1
Spellcasting   | |  0.7

Action                   |  1- 3 |  4- 6 |  7- 9 | 10-12 || total
-------------------------+-------+-------+-------+-------++-------
Melee: Unarmed           |   121 |   148 |   325 |   226 ||   820
       Battleaxe         |       |     6 |     9 |       ||    15
 Fire: Hunting sling     |       |     5 |    29 |       ||    34
Throw: Stone             |       |       |       |     1 ||     1
Invok: Animate Remains   |       |       |     5 |     1 ||     6
       Animate Dead      |       |       |       |     2 ||     2
       Recall Undead Sla |       |       |       |     1 ||     1
  Use: Scroll            |     7 |     4 |     6 |     3 ||    20
       Potion            |       |       |     2 |     5 ||     7
 Stab: Sleeping          |     9 |     5 |     7 |     3 ||    24
       Distracted        |       |       |     1 |       ||     1
  Eat: Chunk             |    16 |     9 |    34 |    39 ||    98
       Beef jerky        |       |       |       |     2 ||     2
